SAA
IRVING BLUE SOX @ BELVEDERE PARK RAWHIDES
05/19/2026
 
TOP OF THE 1ST
Irving Blue Sox batting - Pitching for Belvedere Park Rawhides : LHP António Bruno
Pitching: LHP António Bruno
Batting: SHB Pancho De La Rosa 0-0: Called Strike
0-1: Ball
1-1: Called Strike
1-2: Ball
2-2: Ball
3-2: Ground out 6-3 (Groundball, 6)
Batting: RHB Wessel Wemerman 0-0: Ball
1-0: Ball
2-0: Ball
3-0: Base on Balls
Batting: SHB Roberto López 0-0: Ball
Balk!
Wessel Wemerman to second
1-0: SINGLE (Groundball, 15S) (infield hit)
Wessel Wemerman to third
Batting: SHB Tom Palmer 0-0: Ball
1-0: Ground out 6-3 (Groundball, 6MS)
Wessel Wemerman scores
Roberto López to second
Batting: LHB Toby Kamin 0-0: SINGLE (Flyball, 78S)
Roberto López to third
Runner from 3rd tries for Home, SAFE, no throw
Batting: RHB Carlos De Jesús 0-0: Called Strike
0-1: Ball
1-1: Called Strike
Toby Kamin is caught stealing 2nd base
Top of the 1st over - 2 run(s), 2 hit(s), 0 error(s), 0 left on base; Irving 2 - Belvedere Park 0
BOTTOM OF THE 1ST
Belvedere Park Rawhides batting - Pitching for Irving Blue Sox : RHP Paco Hernández
Pitching: RHP Paco Hernández
Batting: RHB Ed Jozwiak 0-0: Called Strike
0-1: Called Strike
0-2: Ball
1-2: Strikes out swinging
Batting: LHB José Pérez 0-0: Ball
1-0: SINGLE (Line Drive, 56D)
Batting: SHB Galtero Suárez 0-0: Ball
1-0: Ball
Pickoff Throw to First - Error! E1
José Pérez to second
2-0: SINGLE (Line Drive, 8RS)
José Pérez to third
Runner from 3rd tries for Home, throw and OUT!
Batting: LHB António Serrano 0-0: Foul Ball, location: 2F
0-1: Ball
1-1: Foul Ball, location: 2F
1-2: Foul Ball, location: 2F
1-2: Strikes out swinging
Bottom of the 1st over - 0 run(s), 2 hit(s), 1 error(s), 1 left on base; Irving 2 - Belvedere Park 0
TOP OF THE 2ND
Irving Blue Sox batting - Pitching for Belvedere Park Rawhides : LHP António Bruno
Batting: RHB Carlos De Jesús 0-0: Ball
1-0: Ball
2-0: Foul Ball, location: 2F
2-1: Foul Ball, location: 2F
2-2: Foul Ball, location: 2F
2-2: Ball
3-2: Ground out U3 (Groundball, 34)
Batting: RHB Stan Barnes 0-0: Ground out 5-3 (Groundball, 56)
Batting: RHB Rafael Delgado 0-0: Ball
1-0: Called Strike
1-1: Ball
2-1: Foul Ball, location: 2F
2-2: Ball
3-2: Base on Balls
Batting: RHB Manny Gonzáles 0-0: Called Strike
0-1: Ball
Rafael Delgado steals 2nd base
1-1: 2-RUN HOME RUN (Flyball, 78XD), Distance : 427 ft
Batting: SHB Pancho De La Rosa 0-0: Ball
1-0: Ball
2-0: Called Strike
2-1: DOUBLE (Line Drive, 7)
Batting: RHB Wessel Wemerman 0-0: Ball
1-0: Foul Ball, location: 2F
1-1: SINGLE (Groundball, 15S) (infield hit)
Pancho De La Rosa to third
Batting: SHB Roberto López 0-0: Ball
1-0: Ball
2-0: Called Strike
2-1: Swinging Strike
2-2: Ball
3-2: Fly out, F8 (Flyball, 8RM)
Top of the 2nd over - 2 run(s), 3 hit(s), 0 error(s), 2 left on base; Irving 4 - Belvedere Park 0
BOTTOM OF THE 2ND
Belvedere Park Rawhides batting - Pitching for Irving Blue Sox : RHP Paco Hernández
Batting: RHB Anastasio Hernández 0-0: Fly out, F8 (Flyball, 8RM)
Batting: SHB Manuel González 0-0: Ball
1-0: Called Strike
1-1: Fly out, F7 (Line Drive, 7S)
Batting: LHB Scott Kerin 0-0: Ball
1-0: Foul Ball, location: 2F
1-1: Foul Ball, location: 2F
1-2: Ball
2-2: Ball
3-2: Strikes out swinging
Bottom of the 2nd over - 0 run(s), 0 hit(s), 0 error(s), 0 left on base; Irving 4 - Belvedere Park 0
TOP OF THE 3RD
Irving Blue Sox batting - Pitching for Belvedere Park Rawhides : LHP António Bruno
Batting: SHB Tom Palmer 0-0: Called Strike
0-1: Ball
1-1: Ball
2-1: Foul Ball, location: 2F
2-2: SINGLE (Line Drive, 6M)
Batting: LHB Toby Kamin 0-0: Called Strike
0-1: Foul Ball, location: 2F
0-2: Ball
1-2: Fly out, F7 (Flyball, 7)
Batting: RHB Carlos De Jesús 0-0: Called Strike
0-1: Called Strike
Tom Palmer steals 2nd base
0-2: Ball
1-2: Fly out, F4 (Line Drive, 4M)
Batting: RHB Stan Barnes 0-0: Ball
1-0: Ball
2-0: Ground out U3 (Groundball, 3L)
Top of the 3rd over - 0 run(s), 1 hit(s), 0 error(s), 1 left on base; Irving 4 - Belvedere Park 0
BOTTOM OF THE 3RD
Belvedere Park Rawhides batting - Pitching for Irving Blue Sox : RHP Paco Hernández
Batting: LHB Gustavo Vázquez 0-0: Called Strike
0-1: Ball
1-1: DOUBLE (Line Drive, 9LM)
Batting: LHB Dan O'Day 0-0: Fly out, F7 (Flyball, 78S)
Batting: RHB Ed Jozwiak 0-0: Ball
1-0: Called Strike
1-1: Called Strike
1-2: Fly out, F1 (Line Drive, 13S)
Batting: LHB José Pérez 0-0: Ball
1-0: Foul Ball, location: 2F
1-1: Foul Ball, location: 2F
1-2: Fly out, F8 (Flyball, 8LM)
Bottom of the 3rd over - 0 run(s), 1 hit(s), 0 error(s), 1 left on base; Irving 4 - Belvedere Park 0
TOP OF THE 4TH
Irving Blue Sox batting - Pitching for Belvedere Park Rawhides : LHP António Bruno
Batting: RHB Rafael Delgado 0-0: Ball
1-0: Foul Ball, location: 2F
1-1: Foul Ball, location: 2F
1-2: Ground out 5-3 (Groundball, 56)
Batting: RHB Manny Gonzáles 0-0: Swinging Strike
0-1: Swinging Strike
0-2: Foul Ball, location: 2F
0-2: Ball
1-2: Ball
2-2: Foul Ball, location: 2F
2-2: SOLO HOME RUN (Flyball, 9D), Distance : 363 ft
Batting: SHB Pancho De La Rosa 0-0: Foul Ball, location: 2F
0-1: Called Strike
0-2: Ball
1-2: Strikes out swinging
Batting: RHB Wessel Wemerman 0-0: Ground out 6-3 (Groundball, 6S)
Top of the 4th over - 1 run(s), 1 hit(s), 0 error(s), 0 left on base; Irving 5 - Belvedere Park 0
BOTTOM OF THE 4TH
Belvedere Park Rawhides batting - Pitching for Irving Blue Sox : RHP Paco Hernández
Batting: SHB Galtero Suárez 0-0: Called Strike
0-1: SINGLE (Flyball, 7S)
Batting: LHB António Serrano 0-0: Called Strike
0-1: Ball
1-1: Ball
2-1: 2-RUN HOME RUN (Flyball, 89XD), Distance : 430 ft
Batting: RHB Anastasio Hernández 0-0: Foul Ball, location: 2F
0-1: Foul Ball, location: 2F
0-2: Ball
1-2: Ball
2-2: Strikes out looking
Batting: SHB Manuel González 0-0: Ball
1-0: Foul Ball, location: 2F
1-1: Ball
2-1: Ball
3-1: Base on Balls
Batting: LHB Scott Kerin 0-0: Swinging Strike
0-1: Foul Ball, location: 2F
0-2: Ball
1-2: SINGLE (Line Drive, 8LS)
Manuel González to second
Batting: LHB Gustavo Vázquez 0-0: Foul Ball, location: 2F
0-1: Ball
1-1: Ball
2-1: Ball
3-1: Swinging Strike
3-2: Fly out, F9 (Flyball, 9LS)
Batting: LHB Dan O'Day 0-0: Swinging Strike
0-1: Ball
1-1: Foul Ball, location: 2F
1-2: Strikes out looking
Bottom of the 4th over - 2 run(s), 3 hit(s), 0 error(s), 2 left on base; Irving 5 - Belvedere Park 2
TOP OF THE 5TH
Irving Blue Sox batting - Pitching for Belvedere Park Rawhides : LHP António Bruno
Batting: SHB Roberto López 0-0: Ball
1-0: Ball
2-0: Fly out, F9 (Flyball, 89S)
Batting: SHB Tom Palmer 0-0: Ball
1-0: Foul Ball, location: 2F
1-1: DOUBLE (Line Drive, 89M)
Batting: LHB Toby Kamin 0-0: Fly out, F8 (Flyball, 8LS)
Batting: RHB Carlos De Jesús 0-0: Fly out, F8 (Flyball, 8LS)
Top of the 5th over - 0 run(s), 1 hit(s), 0 error(s), 1 left on base; Irving 5 - Belvedere Park 2
BOTTOM OF THE 5TH
Belvedere Park Rawhides batting - Pitching for Irving Blue Sox : RHP Paco Hernández
Batting: RHB Ed Jozwiak 0-0: Called Strike
0-1: Ball
1-1: Ball
2-1: SINGLE (Groundball, 5D)
Batting: LHB José Pérez 0-0: Sac Bunt - play at first, batter OUT! 1-3
Ed Jozwiak to second
Batting: SHB Galtero Suárez 0-0: Called Strike
0-1: Foul Ball, location: 2F
0-2: Ball
1-2: Ball
2-2: Fly out, F7 (Flyball, 7LSF)
Batting: LHB António Serrano 0-0: Ball
1-0: Fly out, F6 (Line Drive, 6MD)
Bottom of the 5th over - 0 run(s), 1 hit(s), 0 error(s), 1 left on base; Irving 5 - Belvedere Park 2
TOP OF THE 6TH
Irving Blue Sox batting - Pitching for Belvedere Park Rawhides : LHP António Bruno
Batting: RHB Stan Barnes 0-0: Foul Ball, location: 2F
0-1: Ball
1-1: Foul Ball, location: 2F
1-2: SINGLE (Groundball, 6S) (infield hit)
Batting: RHB Rafael Delgado 0-0: Sac Bunt - play at first, batter OUT! 2-3
Stan Barnes to second
Batting: RHB Manny Gonzáles 0-0: Intentional Walk
Pitching: RHP Iván Flores
Batting: SHB Pancho De La Rosa 0-0: Ball
1-0: Ball
2-0: Ball
3-0: Called Strike
3-1: Swinging Strike
3-2: Foul Ball, location: 2F
3-2: Fly out, F7 (Flyball, 7LS)
Batting: RHB Wessel Wemerman 0-0: Swinging Strike
0-1: Ball
1-1: Called Strike
1-2: SINGLE (Line Drive, 6D)
Stan Barnes to third
Manny Gonzáles to second
Runner from 3rd tries for Home, SAFE, no throw
Batting: SHB Roberto López 0-0: Ball
1-0: Ball
2-0: Ball
3-0: Base on Balls
Manny Gonzáles to third
Wessel Wemerman to second
Batting: SHB Tom Palmer 0-0: Called Strike
0-1: Fly out, F7 (Flyball, 7LS)
Top of the 6th over - 1 run(s), 2 hit(s), 0 error(s), 3 left on base; Irving 6 - Belvedere Park 2
BOTTOM OF THE 6TH
Belvedere Park Rawhides batting - Pitching for Irving Blue Sox : RHP Paco Hernández
Batting: RHB Anastasio Hernández 0-0: Ball
1-0: Foul Ball, location: 2F
1-1: Ball
2-1: Fly out, F4 (Popup, 34D)
Batting: SHB Manuel González 0-0: Called Strike
0-1: Ball
1-1: Ball
2-1: Foul Ball, location: 2F
2-2: SINGLE (Line Drive, 9S)
Batting: LHB Scott Kerin 0-0: Ball
1-0: Called Strike
1-1: Ball
2-1: Called Strike
2-2: Strikes out swinging
Batting: LHB Gustavo Vázquez 0-0: Ball
1-0: Foul Ball, location: 2F
1-1: Called Strike
1-2: Ball
2-2: Foul Ball, location: 2F
2-2: Foul Ball, location: 2F
2-2: Ball
3-2: Foul Ball, location: 2F
3-2: Foul Ball, location: 2F
3-2: SINGLE (Line Drive, 4MD)
Manuel González to second
Manuel González to third
Batting: LHB Dan O'Day 0-0: Swinging Strike
0-1: Ball
1-1: Hit by Pitch
Gustavo Vázquez to second
Batting: RHB Ed Jozwiak 0-0: Ball
1-0: Called Strike
1-1: Ball
2-1: Ball
3-1: Base on Balls
Manuel González scores
Gustavo Vázquez to third
Dan O'Day to second
Batting: LHB José Pérez 0-0: SINGLE (Groundball, 6MD)
Gustavo Vázquez scores
Dan O'Day to third
Ed Jozwiak to second
Runner from 3rd tries for Home, SAFE, no throw
Batting: SHB Galtero Suárez 0-0: Called Strike
0-1: Ball
1-1: Ball
2-1: Called Strike
2-2: Foul Ball, location: 2F
2-2: Ball
3-2: Foul Ball, location: 2F
3-2: Foul Ball, location: 2F
3-2: Strikes out swinging
Bottom of the 6th over - 3 run(s), 3 hit(s), 0 error(s), 2 left on base; Irving 6 - Belvedere Park 5
TOP OF THE 7TH
Irving Blue Sox batting - Pitching for Belvedere Park Rawhides : RHP Iván Flores
Batting: LHB Toby Kamin 0-0: Foul Ball, location: 2F
0-1: Ball
1-1: Called Strike
1-2: Ball
2-2: Foul Ball, location: 2F
2-2: Strikes out swinging
Batting: RHB Carlos De Jesús 0-0: Called Strike
0-1: Swinging Strike
0-2: Strikes out swinging
Batting: RHB Stan Barnes 0-0: Foul Ball, location: 2F
0-1: SINGLE (Line Drive, 78S)
Batting: RHB Rafael Delgado 0-0: Ball
1-0: Called Strike
1-1: Foul Ball, location: 2F
1-2: Fly out, F8 (Flyball, 8RM)
Top of the 7th over - 0 run(s), 1 hit(s), 0 error(s), 1 left on base; Irving 6 - Belvedere Park 5
BOTTOM OF THE 7TH
Belvedere Park Rawhides batting - Pitching for Irving Blue Sox : RHP Paco Hernández
Batting: LHB António Serrano 0-0: Ball
1-0: SINGLE (Groundball, 25) (infield hit)
Pitching: LHP Walt Rice
Batting: RHB Anastasio Hernández 0-0: Ground out 4-3 (Groundball, 34)
António Serrano to second
Batting: SHB Manuel González 0-0: Ball
1-0: Ground out 1-3 (Groundball, 13)
António Serrano to third
Pinch Hitting: RHB Justin Miles 0-0: Ball
1-0: DOUBLE (Flyball, 78D)
António Serrano scores
Pinch Hitting: RHB Victorino Navarro 0-0: Swinging Strike
0-1: Swinging Strike
0-2: Ball
1-2: Strikes out swinging
Bottom of the 7th over - 1 run(s), 2 hit(s), 0 error(s), 1 left on base; Irving 6 - Belvedere Park 6
TOP OF THE 8TH
Irving Blue Sox batting - Pitching for Belvedere Park Rawhides : RHP Iván Flores
Now at 2B: Victorino Navarro
Now in CF: Fernando Rutledge
Batting: RHB Manny Gonzáles 0-0: Foul Ball, location: 2F
0-1: Ball
1-1: Swinging Strike
1-2: Foul Ball, location: 2F
1-2: Ball
2-2: Fly out, F8 (Flyball, 8RXD)
Batting: SHB Pancho De La Rosa 0-0: Foul Ball, location: 2F
0-1: Ball
1-1: Called Strike
1-2: Foul Ball, location: 2F
1-2: Ball
2-2: Ball
3-2: Foul Ball, location: 2F
3-2: SINGLE (Line Drive, 7LS)
Batting: RHB Wessel Wemerman 0-0: SINGLE (Line Drive, 4D)
Pancho De La Rosa to second
Batting: SHB Roberto López 0-0: Ball
1-0: SINGLE (Groundball, 25) (infield hit)
Pancho De La Rosa to third
Wessel Wemerman to second
Pinch Hitting: RHB Jim Unknown 0-0: Called Strike
0-1: Swinging Strike
0-2: Foul Ball, location: 2F
0-2: Strikes out looking and he ARGUES THE CALL AND IS TOSSED!
Pitching: RHP Rodrigo Rangel
Batting: LHB Toby Kamin 0-0: Called Strike
0-1: Called Strike
0-2: Strikes out swinging
Top of the 8th over - 0 run(s), 3 hit(s), 0 error(s), 3 left on base; Irving 6 - Belvedere Park 6
BOTTOM OF THE 8TH
Belvedere Park Rawhides batting - Pitching for Irving Blue Sox : LHP Walt Rice
Now in RF: Theron Hammond
Pinch Hitting: RHB Jesús Calderón 0-0: Swinging Strike
0-1: Foul Ball, location: 2F
0-2: Ball
1-2: Strikes out swinging
Pinch Hitting: RHB Marlon Cummins 0-0: Ball
1-0: Called Strike
1-1: Foul Ball, location: 2F
1-2: Foul Ball, location: 2F
1-2: Ball
2-2: Foul Ball, location: 2F
2-2: Strikes out swinging
Pinch Hitting: RHB Anthony Crow 0-0: Called Strike
0-1: Called Strike
0-2: Ball
1-2: Ball
2-2: Ball
3-2: Foul Ball, location: 2F
3-2: Ground out 5-3 (Groundball, 56)
Bottom of the 8th over - 0 run(s), 0 hit(s), 0 error(s), 0 left on base; Irving 6 - Belvedere Park 6
TOP OF THE 9TH
Irving Blue Sox batting - Pitching for Belvedere Park Rawhides : RHP Rodrigo Rangel
Pitching: RHP Dino Moonglampers
Now at 1B: Marshall Lamar
Now in CF: Anthony Crow
Now in RF: Marlon Cummins
Batting: RHB Carlos De Jesús 0-0: Ball
1-0: Ball
2-0: Foul Ball, location: 2F
2-1: Fly out, F7 (Flyball, 78XD)
Batting: RHB Stan Barnes 0-0: Called Strike
0-1: Ground out 4-3 (Groundball, 4)
Batting: RHB Rafael Delgado 0-0: Ball
1-0: Called Strike
1-1: Called Strike
1-2: Strikes out looking
Top of the 9th over - 0 run(s), 0 hit(s), 0 error(s), 0 left on base; Irving 6 - Belvedere Park 6
BOTTOM OF THE 9TH
Belvedere Park Rawhides batting - Pitching for Irving Blue Sox : LHP Walt Rice
Batting: SHB Galtero Suárez 0-0: Ball
1-0: Fly out, F8 (Flyball, 8LD)
Batting: LHB António Serrano 0-0: Called Strike
0-1: Ball
1-1: Ball
2-1: Ball
3-1: Base on Balls
Batting: RHB Anastasio Hernández 0-0: Ball
1-0: Fielders Choice at 2nd, 1-4 (Groundball, 15)
Batting: SHB Manuel González 0-0: Called Strike
0-1: Ball
1-1: Swinging Strike
1-2: Strikes out looking
Bottom of the 9th over - 0 run(s), 0 hit(s), 0 error(s), 1 left on base; Irving 6 - Belvedere Park 6
TOP OF THE 10TH
Irving Blue Sox batting - Pitching for Belvedere Park Rawhides : RHP Dino Moonglampers
Batting: RHB Manny Gonzáles 0-0: Ball
1-0: Ball
2-0: Foul Ball, location: 2F
2-1: Called Strike
2-2: Ball
3-2: Base on Balls
Pinch Runner at 1st Carlos Ramírez:
Batting: SHB Pancho De La Rosa 0-0: Ball
1-0: Bunted foul
1-1: Ball
2-1: Bunted foul
2-2: Fly out, F7 (Flyball, 7)
Batting: RHB Wessel Wemerman 0-0: SINGLE (Line Drive, 5)
Carlos Ramírez to second
Batting: SHB Roberto López 0-0: Ball
1-0: SINGLE (Groundball, 4D)
Carlos Ramírez to third
Wessel Wemerman to second
Runner from 3rd tries for Home, SAFE, no throw
Batting: RHB Theron Hammond 0-0: Ball
1-0: Swinging Strike
1-1: Foul Ball, location: 2F
1-2: Ball
2-2: Grounds into double play, 4-6-3 (Groundball, 4)
Top of the 10th over - 1 run(s), 2 hit(s), 0 error(s), 1 left on base; Irving 7 - Belvedere Park 6
BOTTOM OF THE 10TH
Belvedere Park Rawhides batting - Pitching for Irving Blue Sox : LHP Walt Rice
Pitching: LHP Juan Vargas
Batting: RHB Fernando Rutledge 0-0: Called Strike
0-1: Foul Ball, location: 2F
0-2: SINGLE (Groundball, 56S) (infield hit)
Batting: RHB Victorino Navarro 0-0: Bunt missed!
0-1: Ball
1-1: Sac Bunt - play at first, batter OUT! U3
Fernando Rutledge to second
Batting: RHB Marshall Lamar 0-0: Ball
1-0: Swinging Strike
1-1: Foul Ball, location: 2F
1-2: Fly out, F9 (Flyball, 9S)
Batting: RHB Marlon Cummins 0-0: Ball
1-0: Ball
2-0: Foul Ball, location: 2F
2-1: Foul Ball, location: 2F
2-2: Ball
3-2: Foul Ball, location: 2F
3-2: Base on Balls
Batting: RHB Anthony Crow 0-0: Swinging Strike
0-1: Foul Ball, location: 2F
0-2: Foul Ball, location: 2F
0-2: Ball
1-2: Ball
2-2: 3-RUN HOME RUN (Flyball, 7D), Distance : 396 ft
Monday, March 20th, 2017 - OOTP Baseball 17.12 Build 75